 Dungeon Crawl Stone Soup version 0.28-a0-1518-gbe868bca14 (webtiles) character file.

Game seed: 12278361418777495291

37 hashsling the Magician (level 3, -10/18 (19) HPs)
             Began as a Deep Elf Conjurer on Jan 16, 2022.
             Mangled by Crazy Yiuf (13 damage)
             ... on level 2 of the Dungeon.
             The game lasted 00:02:36 (1523 turns).

hashsling the Magician (Deep Elf Conjurer)          Turns: 1523, Time: 00:02:36

HP:   -10/18 (19)   AC:  3    Str:  4    XL:     3   Next: 21%
MP:   2/11          EV: 12    Int: 24    God:
Gold: 68            SH:  0    Dex: 13    Spells: 6/12 levels left

rFire   . . .      SeeInvis .   j - staff of air
rCold   . . .      Faith    .   (no shield)
rNeg    . . .      Spirit   .   a - +0 robe
rPois   .          Reflect  .   f - +0 helmet
rElec   +          Harm     .   (no cloak)
rCorr   .          Rampage  .   (no gloves)
Will    .....                   (no boots)
Stlth   ++........              (no amulet)
HPRegen 0.06/turn               (no ring)
MPRegen 0.12/turn               (no ring)

@: very slightly contaminated, drained
A: no striking features
a: no special abilities


You were on level 2 of the Dungeon.
You visited 1 branch of the dungeon, and saw 2 of its levels.

You collected 68 gold pieces.

Inventory:

Armour
 a - a +0 robe (worn)
 f - a +0 helmet (worn)
Magical Staves
 j - a staff of air (weapon)
Scrolls
 b - a scroll of teleportation {unknown}
 e - a scroll of identify {unknown}
 g - a scroll of immolation {unknown}
 h - a scroll of acquirement {unknown}
 i - a scroll of enchant weapon {unknown}
Potions
 c - a potion of degeneration {unknown}
 d - a potion of resistance {unknown}
 k - 2 potions of lignification {unknown}


   Skills:
 - Level 2.4 Dodging
 - Level 2.4 Stealth
 + Level 5.1 Spellcasting
 - Level 4.3 Conjurations


You had 6 spell levels left.
You knew the following spells:

 Your Spells              Type           Power      Damage    Failure   Level
a - Magic Dart            Conj           100%       1d8       1%          1
b - Searing Ray           Conj           54%        2d6       2%          2
c - Dazzling Flash        Conj/Hex       32%        N/A       11%         3

Your spell library contained the following spells:

 Spells                   Type           Power      Damage    Failure   Level
 Fulminant Prism          Conj/Hex       8%         3d7       34%         4
 Iskenderun's Mystic Bla  Conj/Tloc      16%        2d5       34%         4


Dungeon Overview and Level Annotations

Branches:
Dungeon (2/15)

Altars:

Annotations:
D:2 Crazy Yiuf


Message History

The magic dart hits the quokka.
The quokka is moderately wounded.
The quokka twitches its whiskers.
The magic dart hits the quokka.
You kill the quokka!
You can't see any susceptible monsters within range! (Use Z to cast anyway.)
You can't see any susceptible monsters within range! (Use Z to cast anyway.) This spell is extremely dangerous to cast!
Memorise Dazzling Flash, consuming 3 spell levels and leaving 6?
You start memorising the spell.
You continue memorising. x3
You finish memorising.
Spell assigned to 'c'.
You see here 25 arrows.
You see here a +0 mace.
You open the door.
Casting: Magic Dart (safe; 1% risk of failure)
Confirm with . or Enter, or press ? or * to list all spells.
The spell is extremely dangerous to miscast (11% risk of failure)!
Continue anyway?
Casting: Dazzling Flash (extremely dangerous; 11% risk of failure)
Press: ? - help, Dir - look around, f - activate You miscast Dazzling Flash.
You are very lightly contaminated with residual magic.
Nothing appears to happen.
Casting: Dazzling Flash (extremely dangerous; 11% risk of failure)
Confirm with . or Enter, or press ? or * to list all spells.
The spell is extremely dangerous to miscast (11% risk of failure)!
Continue anyway?
Casting: Dazzling Flash (extremely dangerous; 11% risk of failure)
Press: ? - help, Dir - look around, f - activate Crazy Yiuf hits you with a +4 quarterstaff of chaos!
Ouch! That really hurt!
You feel drained.
* * * LOW HITPOINT WARNING * * *
Casting: Dazzling Flash (extremely dangerous; 11% risk of failure)
Confirm with . or Enter, or press ? or * to list all spells.
The spell is extremely dangerous to miscast (11% risk of failure)!
Continue anyway?
Casting: Dazzling Flash (extremely dangerous; 11% risk of failure)
Press: ? - help, Dir - look around, f - activate Crazy Yiuf says, "Crazy?
Crazy!?
PORCUPINE!"
Crazy Yiuf hits you with a +4 quarterstaff of chaos!
Ouch! That really hurt!
You die...

... #.
#....#
#........ .
#. ##..##
#........ ..
♣..).♣
###........
.. ♣...♣♣
#...#####.#
..† ♣♣.♣♣
#...# # .#.
♣.♣♣
#...#####+#
♣♣.♣
#..........
♣.♣♣
#..........
♣♣@♣
#..........
#g#
#......##+##
...
##......#..#
#...#
#..#...#..#
#..)#
#......#..#
#####
##.##...#..#
#...#.......
#####..##...
..........


You could see Crazy Yiuf.

Vanquished Creatures
  An adder (D:2)
  A worm (D:2)
  3 ball pythons
  2 endoplasms (D:2)
  A giant cockroach (D:1)
  2 hobgoblins (D:1)
  2 quokkas
  5 bats (D:1)
  2 frilled lizards
  3 kobolds
  4 rats
26 creatures vanquished.

Notes
Turn   | Place    | Note
-------+----------+-------------------------------------------
     0 | D:1      | hashsling the Deep Elf Conjurer began the quest for the
                  | Orb.
     0 | D:1      | Reached XP level 1. HP: 10/10 MP: 6/6
   400 | D:1      | Reached skill level 4 in Spellcasting
   400 | D:1      | Reached XP level 2. HP: 15/15 MP: 6/9
   405 | D:1      | Learned a level 2 spell: Searing Ray
   956 | D:1      | Found a faded altar of an unknown god.
  1282 | D:2      | Reached XP level 3. HP: 19/19 MP: 7/11
  1322 | D:2      | Reached skill level 5 in Spellcasting
  1480 | D:2      | Found a runed translucent door.
  1481 | D:2      | Noticed Crazy Yiuf
  1505 | D:2      | Learned a level 3 spell: Dazzling Flash
  1523 | D:2      | Mangled by Crazy Yiuf

Illustrated notes

Levels and vault maps discovered:
D:1:      dpeg_arrival_court, layout_loops_corners, basic_ecumenical_altar,
          minmay_misc_feat_square
D:2:      layout_basic, kennysheep_nondescript, uniq_crazy_yiuf_cottage

Skill      XL: |  1  2  3 |
---------------+----------+-----
Spellcasting   | 4 5 |  5.1
Dodging        | |  2.4
Stealth        | |  2.4
Conjurations   | |  4.3

Action                   || total
-------------------------++-------
 Cast: Magic Dart        ||    46
       Dazzling Flash    ||     2
Dodge: Dodged            ||     1

Table legend: (Time is in decaauts)
 A = Elapsed time spent in this place.
 B = Non-inter-level travel time spent in this place.
 C = Inter-level travel time spent in this place.
 D = Time resting spent in this place.
 E = Time spent auto-exploring this place.
 F = Levels seen in this place.
 G = Mean time per level.
                   A        B        C        D        E       F      G
               +--------+--------+--------+--------+--------+-----+--------+
         Total |   1521 |   1468 |     53 |      0 |   1334 |   2 |  760.5 |
       Dungeon |   1521 |   1468 |     53 |      0 |   1334 |   2 |  760.5 |
               +--------+--------+--------+--------+--------+-----+--------+

Top non-repeatable levels by time:
     D:1: 1163 daAuts
     D:2: 358 daAuts
